 Dungeon Crawl Stone Soup version 0.26.1-11-gd32895ea62 (webtiles) character file.

Game seed: 16061253918480820503

385 Almogavar the Sneak (level 6, 0/47 HPs)
             Began as a Gnoll Wanderer on Apr 13, 2021.
             Slain by a human zombie (3 damage)
             ... in an ossuary.
             The game lasted 00:11:20 (3480 turns).

Almogavar the Sneak (Gnoll Wanderer)                Turns: 3480, Time: 00:11:20

Health: 0/47       AC:  3    Str: 18    XL:     6   Next: 77%
Magic:  9/9        EV: 13    Int: 14    God:
Gold:   119        SH:  0    Dex: 13    Spells: 9/9 levels left

rFire    + . .     SeeInvis .   a - +2 dagger
rCold    . . .     Faith    .   (no shield)
rNeg     . . .     Spirit   .   h - +0 leather armour
rPois    .         Reflect  .   (no helmet)
rElec    .         Harm     .   (no cloak)
rCorr    .         Rampage  .   (no gloves)
Will     .....                  (no boots)
Stlth    ++........             (no amulet)
HPRegen  0.15/turn              e - ring of protection from fire
MPRegen  0.11/turn              k - ring of wizardry

@: brilliant, flying
A: distributed training, fangs 1, strong nose
a: no special abilities


You were in an ossuary.
You visited 1 branch of the dungeon, and saw 4 of its levels.
You also visited: Ossuary.

You collected 119 gold pieces.

Inventory:

Hand Weapons
 a - a +2 dagger (weapon)
Missiles
 b - a curare-tipped dart
 f - 228 stones
 p - 2 boomerangs (quivered)
Armour
 h - a +0 leather armour (worn)
 j - a +0 ring mail
Jewellery
 e - a ring of protection from fire (left hand)
 k - a ring of wizardry (right hand)
Wands
 d - a wand of random effects (15)
Scrolls
 c - a scroll of remove curse
 g - 2 scrolls of fog
 m - 3 scrolls of teleportation
 n - 2 scrolls of fear
 s - a scroll of amnesia {unknown}


   Skills:
 + Level 3.3 Fighting
 + Level 2.1 Short Blades
 + Level 2.1 Long Blades
 + Level 2.1 Axes
 + Level 2.1 Maces & Flails
 + Level 2.1 Polearms
 + Level 3.3 Staves
 + Level 2.1 Slings
 + Level 2.1 Bows
 + Level 2.1 Crossbows
 + Level 3.3 Throwing
 + Level 2.1 Armour
 + Level 3.3 Dodging
 + Level 4.7 Stealth
 + Level 2.1 Shields
 + Level 2.1 Unarmed Combat
 + Level 2.1 Spellcasting
 + Level 2.7 Conjurations
 + Level 1.6 Hexes
 + Level 1.6 Summonings
 + Level 1.6 Necromancy
 + Level 1.6 Translocations
 + Level 1.6 Transmutations
 + Level 1.6 Fire Magic
 + Level 1.6 Ice Magic
 + Level 1.6 Air Magic
 + Level 4.1 Earth Magic
 + Level 1.6 Poison Magic
 + Level 2.3 Invocations
 + Level 3.3 Evocations


You had 9 spell levels left.
You didn't know any spells.
Your spell library contained the following spells:

 Spells                   Type           Power        Failure   Level
 Corpse Rot               Necr/Air       N/A          9%          2
 Swiftness                Air            9%           9%          2
 Confusing Touch          Hex            9%           16%         3
 Gell's Gravitas          Tloc           4%           16%         3
 Petrify                  Tmut/Erth      14%          32%         4
 Metabolic Englaciation   Hex/Ice        4%           80%         5
 Yara's Violent Unravell  Hex/Tmut       4%           80%         5


Dungeon Overview and Level Annotations

Branches:
Dungeon (4/15)             Temple (0/1) D:4         Ossuary (1/1)

Altars:
Elyvilon


Innate Abilities, Weirdness & Mutations

Your experience applies equally to all skills.
You have very sharp teeth.
Your uncanny sense of smell can sniff out nearby items.


Message History

You hit the human zombie.
The human zombie is heavily damaged.
The human zombie hits you but does no damage.
You hit the human zombie.
The human zombie is heavily damaged.
The human zombie closely misses you.
You hit the human zombie.
The human zombie is severely damaged.
You hit the human zombie.
The human zombie is severely damaged.
The human zombie barely misses you.
You hit the human zombie.
You bite the human zombie, but do no damage.
The human zombie is almost destroyed.
The human zombie hits you.
* * * LOW HITPOINT WARNING * * *
You hit the human zombie.
The human zombie is almost destroyed.
The human zombie hits you.
You die...

....#.....
.....8.....
.......... Z.........
##8.....8###
...........#
...........#
.....8..Z..#
....#..@..# ...
#.....# +
######'##########
#!!M#^^^#...#...#
+!.!#^^^'...8...#
#??.#^^^#.......#
##############8...8##
#...#...#...#.......#
#.∩.'...8...#...8...#


You could see a human zombie.

Vanquished Creatures
  Grinder (D:3)
  A scorpion (Ossuary)
  3 big kobold zombies (Ossuary)
  2 adders
  A dart slug (D:2)
  4 leopard geckos
  3 orcs (D:3)
  5 giant cockroaches
  2 gnoll zombies (Ossuary)
  8 goblins
  5 hobgoblins
  4 jackals (D:2)
  7 kobolds
  2 ball pythons
  6 bats
  4 frilled lizards
  An orc zombie (Ossuary)
  3 rats
62 creatures vanquished.

Notes
Turn   | Place    | Note
-------+----------+-------------------------------------------
     0 | D:1      | Almogavar the Gnoll Wanderer began the quest for the Orb.
     0 | D:1      | Almogavar set off with the following items: a +2 dagger, 2
                  | curare-tipped darts, a wand of random effects (15), a +0
                  | robe; and the following spells available to memorise:
                  | Corpse Rot, Swiftness
     0 | D:1      | Reached XP level 1. HP: 17/17 MP: 1/1
   532 | D:1      | Reached XP level 2. HP: 23/23 MP: 2/2
  1218 | D:2      | Reached XP level 3. HP: 28/28 MP: 3/3
  1355 | D:2      | Reached skill level 1 in Invocations
  1598 | D:2      | Reached skill level 1 in Short Blades
  1598 | D:2      | Reached skill level 1 in Long Blades
  1598 | D:2      | Reached skill level 1 in Axes
  1598 | D:2      | Reached skill level 1 in Maces & Flails
  1598 | D:2      | Reached skill level 1 in Polearms
  1598 | D:2      | Reached skill level 1 in Slings
  1598 | D:2      | Reached skill level 1 in Bows
  1598 | D:2      | Reached skill level 1 in Crossbows
  1598 | D:2      | Reached skill level 1 in Armour
  1598 | D:2      | Reached skill level 1 in Shields
  1598 | D:2      | Reached skill level 1 in Unarmed Combat
  1598 | D:2      | Reached skill level 1 in Spellcasting
  1968 | D:3      | Reached XP level 4. HP: 34/34 MP: 5/5
  2048 | D:3      | Found a white marble altar of Elyvilon.
  2541 | D:3      | Noticed Grinder
  2543 | D:3      | Paralysed by Grinder for 2 turns
  2559 | D:3      | Paralysed by Grinder for 5 turns
  2577 | D:3      | Killed Grinder
  2578 | D:3      | Reached skill level 1 in Hexes
  2578 | D:3      | Reached skill level 1 in Summonings
  2578 | D:3      | Reached skill level 1 in Necromancy
  2578 | D:3      | Reached skill level 1 in Translocations
  2578 | D:3      | Reached skill level 1 in Transmutations
  2578 | D:3      | Reached skill level 1 in Fire Magic
  2578 | D:3      | Reached skill level 1 in Ice Magic
  2578 | D:3      | Reached skill level 1 in Air Magic
  2578 | D:3      | Reached skill level 1 in Poison Magic
  2578 | D:3      | Reached XP level 5. HP: 37/41 MP: 5/7
  2578 | D:3      | Reached XP level 6. HP: 42/47 MP: 5/8
  3143 | D:4      | Found a sand-covered staircase.
  3152 | Ossuary  | Entered an ossuary
  3479 | Ossuary  | HP: 2/47 [human zombie (3)]
  3480 | Ossuary  | Slain by a human zombie

Illustrated notes

Levels and vault maps discovered:
D:1:      dpeg_arrival_pond, layout_basic, minmay_tripent
D:2:      layout_loops_cross
D:3:      layout_loops_cross, elyvilon_altar_1, uniq_grinder
D:4:      layout_rooms, amethyst_overflow_temple_binary, temple_doors_e,
          enter_ossuary_1, uniq_eustachio, uniq_natasha
Ossuary:  ossuary_minmay_scorpions

Skill      XL: |  1  2  3  4  5  6 |
---------------+-------------------+-----
Conjurations   | 2 |  2.7
Invocations    | 1 2 |  2.3
Short Blades   | 1 2 |  2.1
Long Blades    | 1 2 |  2.1
Axes           | 1 2 |  2.1
Maces & Flails | 1 2 |  2.1
Polearms       | 1 2 |  2.1
Slings         | 1 2 |  2.1
Bows           | 1 2 |  2.1
Crossbows      | 1 2 |  2.1
Armour         | 1 2 |  2.1
Shields        | 1 2 |  2.1
Unarmed Combat | 1 2 |  2.1
Spellcasting   | 1 2 |  2.1
Fighting       | 3 |  3.3
Staves         | 3 |  3.3
Throwing       | 3 |  3.3
Dodging        | 3 |  3.3
Hexes          | 1 |  1.6
Summonings     | 1 |  1.6
Necromancy     | 1 |  1.6
Translocations | 1 |  1.6
Transmutations | 1 |  1.6
Fire Magic     | 1 |  1.6
Ice Magic      | 1 |  1.6
Air Magic      | 1 |  1.6
Earth Magic    | 4 |  4.1
Poison Magic   | 1 |  1.6
Evocations     | 3 |  3.3
Stealth        | |  4.7

Action                   |  1- 3 |  4- 6 || total
-------------------------+-------+-------++-------
Melee: Dagger            |    82 |   150 ||   232
       Bite              |     6 |    22 ||    28
Throw: Dart              |     7 |     3 ||    10
       Boomerang         |       |    30 ||    30
  Use: Scroll            |     3 |     4 ||     7
       Potion            |       |     3 ||     3
 Stab: Sleeping          |    10 |     3 ||    13
Armor: Robe              |     5 |       ||     5
       Leather armour    |     7 |    16 ||    23
       Skin              |       |     9 ||     9
Dodge: Dodged            |    48 |    63 ||   111
